 Dungeon Crawl Stone Soup version 0.30.0-2-g1aa4bd4387 (webtiles) character file.

Game seed: 8321401948387852442

1337 CryoSword the Spear-Bearer (level 8, -1/67 HPs)
             Began as a Formicid Fighter on May 7, 2023.
             Was an Initiate of Makhleb.
             Slain by an ice beast (8 damage)
             ... on level 5 of the Dungeon.
             The game lasted 00:10:14 (5291 turns).

CryoSword the Spear-Bearer (Formicid Fighter)       Turns: 5291, Time: 00:10:15

Health: -1/67      AC:  4    Str: 22    XL:     8   Next: 92%
Magic:  17/17      EV: 16    Int:  9    God:    Makhleb [......]
Gold:   333        SH: 10    Dex: 13    Spells: 7/7 levels left

rFire   . . .        y - +0 halberd
rCold   . . .        c - +0 buckler
rNeg    . . .        p - +2 robe {Will+}
rPois   .            (helmet unavailable)
rElec   .            (no cloak)
rCorr   .            (no gloves)
SInv    +            (no boots)
Will    +....        i - amulet of reflection
Stlth   +            n - +5 ring of evasion
HPRegen 0.31/turn    k - ring of magical power
MPRegen 0.15/turn

%: reflection
@: no status effects
A: permanent stasis, dig shafts and tunnels, antennae 3, four strong arms
a: Dig, Shaft Self, Renounce Religion


You were on level 5 of the Dungeon.
You worshipped Makhleb.
Makhleb was noncommittal.
You visited 2 branches of the dungeon, and saw 7 of its levels.
You also visited: Ossuary.

You collected 333 gold pieces.

Inventory:

Hand Weapons
 a - a +0 trident
 b - the +6 short sword "Ucuese" {flame, rElec rC+++ Int+3 Stlth-}
   (You found it on level 3 of the Dungeon)

   Int:       It affects your intelligence (+3).
   rC:        It renders you almost immune to cold.
   rElec:     It insulates you from electricity.
   Stlth:     It makes you less stealthy.
 y - a +0 halberd (weapon)
   (You took it off a gnoll on level 4 of the Dungeon)
Missiles
 q - 16 poisoned darts
 z - 4 boomerangs
Armour
 c - a +0 buckler (worn)
 p - a +2 robe of willpower (worn)
   (You took it off Jessica on level 2 of the Dungeon)
Jewellery
 i - an amulet of reflection (around neck)
   (You found it on level 1 of the Dungeon)
 k - a ring of magical power (right hand)
   (You found it on level 5 of the Dungeon)
 n - a +5 ring of evasion (left hand)
   (You took it off a gnoll on level 4 of the Dungeon)
Wands
 A - a wand of flame (8) (quivered)
   (You found it on level 5 of the Dungeon)
Scrolls
 e - a scroll of amnesia {unknown}
 g - a scroll of enchant armour {unknown}
 r - a scroll of brand weapon {unknown}
 s - a scroll of enchant weapon {unknown}
 t - a scroll of magic mapping
 x - a scroll of silence {unknown}
 C - a scroll of immolation {unknown}
Potions
 d - 3 potions of haste {unknown}
 f - 3 potions of mutation {unknown}
 h - 8 potions of curing {@q1}
 j - 4 potions of lignification {!q}
 l - a potion of resistance {unknown}
 m - 5 potions of heal wounds {unknown}
 o - 3 potions of flight {unknown}
 u - a potion of ambrosia {unknown}
 v - 2 potions of magic {unknown}
 w - a potion of cancellation
 B - a potion of attraction {unknown}


   Skills:
 + Level 7.5 Fighting
 * Level 8.2 Polearms
 - Level 3.2 Armour
 + Level 0.7 Dodging
 + Level 4.3 Shields


You had 7 spell levels left.
You didn't know any spells.
Your spell library contained the following spells:

 Spells                   Type           Power      Damage    Failure   Level
 Freeze                   Ice            0%         1d3       43%         1
 Sandblast                Erth           0%         2d4       43%         1
 Ensorcelled Hibernation  Hex/Ice        0%         N/A       58%         2
 Passwall                 Tmut/Erth      0%         N/A       58%         2
 Frozen Ramparts          Ice            0%         1d1       82%         3
 Hailstorm                Conj/Ice       0%         3d3       82%         3
 Stone Arrow              Conj/Erth      0%         3d7       82%         3
 Animate Armour           Summ/Erth      0%         N/A       99%         4
 Summon Forest            Summ/Tloc      0%         N/A       100%        5


Dungeon Overview and Level Annotations

Branches:
Dungeon (6/15)             Temple (1/1) D:6         Ossuary (visited)

Altars:
Dithmenos
Fedhas
Gozag
Hepliaklqana
Kikubaaqudgha
Makhleb
Nemelex Xobeh
Okawaru
Trog
Xom
Zin

Shops:
D:1 =[   D:4 *


Innate Abilities, Weirdness & Mutations

You cannot be hasted, slowed, berserked, paralysed or teleported.
You can dig through walls and to a lower floor.
You have a pair of large antennae on your head. (SInv)
Your four strong arms can wield two-handed weapons with a shield.


Message History

The hound barks!
The hound pauses to sniff the ground.
You block the hound's attack.
You slash the hound! The hound misses you.
You barely miss the hound. You block the hound's attack. The hound misses you.
You miss the hound. The hound closely misses you.
You closely miss the hound. The hound misses you. You block the hound's attack.
You barely miss the hound. You block the hound's attack.
The hound barely misses you.
You hit the hound. The hound closely misses you.
You barely miss the hound. The hound closely misses you.
The hound completely misses you.
You puncture the hound!
You kill the hound!
No target in view!
Found 3 silver javelins.
You see here a +0 robe.
Found a stone staircase leading down.
An iguana comes into view.
The iguana hisses angrily.
An iguana is nearby!
An iguana is nearby!
Found a stone staircase leading up.
You reach to attack!
You slice the iguana!!
You kill the iguana!
No target in view!
No target in view!
You see here an iguana corpse.
B - a yellow potion
j - 4 potions of lignification {!q} (gained 2)
You see here a +0 giant club.
Key pressed, stopping explore.
There is a stone staircase leading up here.
There is a stone staircase leading up here.
Done exploring.
Done exploring.
Done exploring.
Done exploring.
You feel your magic capacity increase.
k - a ring of magical power (right hand)
There is a stone staircase leading down here.
Search for what [Enter for "armor", or ? for help]? polearm You climb downwards.
There is a stone staircase leading up here.
The centaur wields a +0 shortbow.
The centaur shoots an arrow.
You block the arrow with an invisible shield... and reflect it back!
The arrow hits the centaur!
You climb upwards.
There is a stone staircase leading down here.
There is a stone staircase leading down here.
You climb downwards.
Found a mace, a book of Frost and 29 gold pieces.
Found a staircase to the Ecumenical Temple.
There is a stone staircase leading up here.
You now have 290 gold pieces (gained 9).
Found 11 gold pieces.
You now have 310 gold pieces (gained 20).
You pick up a book of Frost and begin reading...
You add the spells Freeze, Frozen Ramparts and Hailstorm to your library.
There is a staircase to the Ecumenical Temple here.
You climb downwards.
Welcome to the Ecumenical Temple!
There is a staircase back to the Dungeon here.
Found a sparkling altar of Nemelex Xobeh.
Could not explore, unopened door.
You open the door.
Found an ancient bone altar of Kikubaaqudgha.
There is an open door here.
There is an open door here.
Found a blossoming altar of Fedhas.
Could not explore, unopened door.
Could not explore, unopened door.
You open the door.
Found an iron altar of Okawaru.
There is an open door here.
There is an open door here.
Could not explore, unopened door.
You open the door.
Found a hazy altar of Hepliaklqana.
There is an open door here.
There is an open door here.
Could not explore, unopened door.
You open the door.
Found a shadowy altar of Dithmenos.
There is an open door here.
There is an open door here.
Could not explore, unopened door.
You open the door.
Found a burning altar of Makhleb.
Found a glowing silver altar of Zin.
There is an open door here.
There is an open door here.
There is an open door here.
There is a burning altar of Makhleb here.
You kneel at the altar of Makhleb.
Makhleb welcomes you!
Unknown command.
Press < or > to pray at altars.
There is an open door here.
There is a staircase back to the Dungeon here.
You climb upwards.
Welcome back to the Dungeon!
There is a staircase to the Ecumenical Temple here.
You now have 321 gold pieces (gained 11).
You now have 333 gold pieces (gained 12).
C - a scroll labelled ZAOSOA VEXA
Found 5 stones.
A white imp and a black bear come into view.
The white imp shouts!
The black bear growls angrily.
You hear a shout!
A centaur comes into view.
The white imp disappears for a moment.
There are monsters nearby!
The white imp grins evilly.
The centaur wields a +0 shortbow.
The centaur shoots an arrow.
The arrow hits you!
The centaur shoots an arrow.
The arrow hits you! The white imp gestures at you. The puff of frost hits you.
The centaur shoots an arrow.
You block the arrow with an invisible shield... and reflect it back!
The arrow hits the centaur!
The centaur shoots an arrow.
The arrow closely misses you.
The centaur shoots an arrow.
The arrow hits you! The sky beast misses you.
An ice beast comes into view.
Found 8 gold pieces.
The sky beast flickers out of sight for a moment.
The ice beast moves out of view.
The centaur shoots an arrow.
The arrow misses the sky beast.
The arrow hits you.
The centaur shoots an arrow.
The arrow hits the sky beast!
The sky beast attacks as you move away! The sky beast closely misses you.
The centaur shoots an arrow.
The arrow misses the sky beast.
The arrow closely misses you. The ice beast hits you.
The ice beast freezes you!
* * * LOW HITPOINT WARNING * * *
There is a stone staircase leading up, spattered with blood here.
The centaur shoots an arrow.
The arrow misses you.
The sky beast hits you but does no damage.
The ice beast hits you.
* * * LOW HITPOINT WARNING * * *
The ice beast freezes you!
* * * LOW HITPOINT WARNING * * *
The centaur shoots an arrow.
The arrow hits you.
* * * LOW HITPOINT WARNING * * *
You climb upwards.
There is a stone staircase leading down here.
Okay, then.
The ice beast hits you.
* * * LOW HITPOINT WARNING * * *
The ice beast freezes you!
You die...

.# ##.....# ##...##...##..... .#
#....## #...##..###....# .#
#....# #...#...# #...## .###
##...# ##...#..####..###
...######...# #....#..# #...#
.....##.....#####.......###..##
##............##........##...#
###...........Y.....)..#...## #
##..........Y>@#####......# ###
#.............## ##.....###..
###.............# ##.........
##..............# ##......##
##.............## #....###
...............#### ####...##
..................####......##
.............................####
..................###............


You could see an ice beast and a sky beast.

Vanquished Creatures
  A wraith (Ossuary)
  A black bear (D:5)
  3 ice beasts
  2 ogres
  2 orc priests (D:4)
  4 hounds
  A human zombie (Ossuary)
  Jessica (D:2)
  An orc wizard (D:4)
  Terence (D:2)
  A sleepcap (D:5)
  3 iguanas (D:5)
  3 mummies (Ossuary)
  Robin (D:2)
  4 gnolls (D:4)
  4 adders
  An ufetubus (D:3)
  3 worms
  A dart slug (D:2)
  11 orcs
  9 endoplasms
  2 giant cockroaches (D:1)
  A gnoll zombie (Ossuary)
  13 goblins
  10 hobgoblins
  4 jackals (D:3)
  8 kobolds
  A quokka (D:4)
  12 ball pythons
  4 bats
  2 frilled lizards
  4 goblin zombies (Ossuary)
  A hobgoblin zombie (Ossuary)
  3 kobold zombies (Ossuary)
  An orc zombie (Ossuary)
  6 rats
130 creatures vanquished.

Vanquished Creatures (others)
  6 plants (D:2)
6 creatures vanquished.

Grand Total: 136 creatures vanquished

Notes
Turn   | Place    | Note
-------+----------+-------------------------------------------
     0 | D:1      | CryoSword the Formicid Fighter began the quest for the Orb.
     0 | D:1      | Reached XP level 1. HP: 18/18 MP: 1/1
     2 | D:1      | Found Riprit's Jewellery Shoppe.
    96 | D:1      | Reached XP level 2. HP: 24/24 MP: 2/2
   172 | D:1      | Reached skill level 3 in Polearms
   247 | D:1      | Found Huomy's Armour Emporium.
   368 | D:1      | Reached XP level 3. HP: 29/29 MP: 3/3
   375 | D:1      | Got Liujaobb's Disquisition on the Fateful Boggart
   564 | D:2      | Identified the +0 robe of the Imbibing Gods {Rampage}
   640 | D:2      | Found a shimmering altar of Xom.
   704 | D:2      | Noticed Terence
   721 | D:2      | Killed Terence
   722 | D:2      | Reached skill level 4 in Polearms
   722 | D:2      | Reached XP level 4. HP: 35/35 MP: 4/4
   805 | D:2      | Noticed Robin
   867 | D:2      | Killed Robin
  1044 | D:2      | Noticed Jessica
  1055 | D:2      | Killed Jessica
  1056 | D:2      | Reached skill level 5 in Polearms
  1056 | D:2      | Reached XP level 5. HP: 33/41 MP: 5/5
  1295 | D:3      | Identified the +6 short sword "Ucuese" {flame, rElec rC+++
                  | Int+3 Stlth-}
  1352 | D:3      | Found a faded altar of an unknown god.
  1627 | D:3      | Found a bloodstained altar of Trog.
  2068 | D:4      | Reached XP level 6. HP: 38/48 MP: 6/6
  2069 | D:4      | Noticed an ice beast
  2099 | D:4      | Killed an ice beast
  2153 | D:4      | Reached skill level 6 in Polearms
  2222 | D:4      | Noticed an ogre
  2238 | D:4      | Killed an ogre
  2239 | D:4      | Reached XP level 7. HP: 49/55 MP: 7/7
  2278 | D:4      | Reached skill level 5 in Fighting
  2372 | D:4      | Found Lyhy's Overcharged Wands.
  2377 | D:4      | Found a sand-covered staircase.
  2384 | Ossuary  | Entered an ossuary
  2384 | Ossuary  | Noticed a wraith
  2384 | Ossuary  | Noticed a wraith
  2384 | Ossuary  | Noticed a wraith
  2859 | Ossuary  | Noticed a wraith
  2895 | Ossuary  | Killed a wraith
  2896 | Ossuary  | Reached skill level 7 in Polearms
  2896 | Ossuary  | Reached XP level 8. HP: 30/64 MP: 8/8
  3674 | D:5      | Entered Level 5 of the Dungeon
  3923 | D:5      | Found an opulent altar of Gozag.
  4288 | D:5      | Reached skill level 8 in Polearms
  5030 | D:6      | Found a staircase to the Ecumenical Temple.
  5044 | Temple   | Entered the Ecumenical Temple
  5195 | Temple   | Became a worshipper of Makhleb the Destroyer
  5291 | D:5      | Slain by an ice beast

Illustrated notes

Levels and vault maps discovered:
D:1:      wander_arrival_desolate, layout_basic, serial_shops, shop, shop
D:2:      layout_rooms, basic_altar, serial_forest, infiniplex_forest_zigzag_2,
          infiniplex_forest_lined_room_2, infiniplex_forest_clump_cross,
          infiniplex_forest_side_room, infiniplex_forest_lined_3,
          infiniplex_forest_clump_curved, uniq_jessica, uniq_robin, uniq_terence
D:3:      minmay_door_path, layout_basic,
          mainiacjoe_overflow_concentric_impassable,
          shapermc_ecumenical_altar_pompeii
D:4:      layout_loops_ring, nicolae_ossuary_entry_monument,
          roderic_serpentine_path, st_stairs_4, nicolae_shop_overcharged_wands
D:5:      layout_layer_cave, lemuel_doored_altar
D:6:      layout_cave_pods, minmay_temple_entry_offerings, st_stairs_1,
          minmay_misc_feat_enclosed, minmay_shop_damaged,
          amcnicky_mini_corridor_feature, nicolae_specific_store,
          chequers_serial_rivers_micro_c
Temple:   minmay_temple_curvy_loop

Skill      XL: |  1  2  3  4  5  6  7  8 |
---------------+-------------------------+-----
Polearms       | 3 4 5 6 7 8 |  8.2
Fighting       | 4 6 7 |  7.5
Armour         | |  3.2
Dodging        | |  0.7
Shields        | |  4.3

Action                     |  1- 3 |  4- 6 |  7- 9 || total
---------------------------+-------+-------+-------++-------
  Melee: Trident           |    78 |    74 |       ||   152
         Short sword       |       |    98 |   137 ||   235
         Halberd           |       |       |    75 ||    75
  Throw: Dart              |     5 |     4 |    26 ||    35
  Evoke: Wand              |       |       |     3 ||     3
    Use: Scroll            |     1 |       |     3 ||     4
         Potion            |       |     2 |     2 ||     4
 Armour: Scale mail        |    16 |    25 |       ||    41
         Robe              |       |    28 |    20 ||    48
         Skin              |       |       |    10 ||    10
  Dodge: Dodged            |    21 |    50 |    80 ||   151
  Block: Buckler           |    18 |    90 |    66 ||   174
         Reflection        |       |     1 |     2 ||     3
